 Dungeon Crawl Stone Soup version 0.25.1-2-g60ff931df9 (webtiles) character file.

Game seed: 12880984119591553891

32 pokeman the Magician (level 3, 0/20 HPs)
             Began as a Deep Elf Wizard on Nov 11, 2020.
             Succumbed to an adder's poison
             ... on level 2 of the Dungeon.
             The game lasted 00:02:16 (1452 turns).

pokeman the Magician (Deep Elf Wizard)              Turns: 1452, Time: 00:02:16

Health: 0/20       AC:  2    Str: 10    XL:     3   Next: 10%
Magic:  3/11       EV: 13    Int: 23    God:
Gold:   50         SH:  0    Dex: 13    Spells: 11/12 levels left

rFire    . . .     SeeInvis .   (no weapon)
rCold    . . .     Gourm    .   (no shield)
rNeg     . . .     Faith    .   a - +0 robe
rPois    .         Spirit   .   b - +0 hat
rElec    .         Reflect  .   (no cloak)
rCorr    .         Harm     .   (no gloves)
MR       .....                  (no boots)
Stlth    ++........             (no amulet)
HPRegen  0.06/turn              i - +6 ring of strength
MPRegen  0.12/turn              (no ring)

@: lethally poisoned (0 -> -5), flying, hasted, very quick
A: no striking features
a: no special abilities


You were on level 2 of the Dungeon.
You were not hungry.

You visited 1 branch of the dungeon, and saw 2 of its levels.

You collected 50 gold pieces.

Inventory:

Missiles
 g - 11 bolts
Armour
 a - a +0 robe (worn)
 b - a +0 hat (worn)
 e - a +0 kite shield
Jewellery
 i - a +6 ring of strength (left hand)
Scrolls
 h - 3 scrolls of amnesia
 k - 2 scrolls of identify
Comestibles
 d - 2 rations
 l - 2 chunks of flesh


   Skills:
 + Level 0.7 Fighting
 + Level 0.8 Armour
 - Level 2.4 Dodging
 - Level 2.4 Stealth
 * Level 5.1 Spellcasting
 + Level 1.7 Conjurations
   Level 1.1 Summonings
   Level 1.1 Translocations


You had 11 spell levels left.
You knew the following spells:

 Your Spells              Type           Power        Failure   Level  Hunger
a - Magic Dart            Conj           ##..         4%          1    None

Your spell library contained the following spells:

 Spells                   Type           Power        Failure   Level  Hunger
 Blink                    Tloc           N/A          9%          2    None
 Call Imp                 Summ           ##......     9%          2    None
 Slow                     Hex            #.......     14%         2    None
 Conjure Flame            Conj/Fire      #.......     21%         3    ##.....
 Mephitic Cloud           Conj/Pois/Air  #.......     22%         3    ##.....


Dungeon Overview and Level Annotations

Branches:
Dungeon (2/15)

Altars:


Message History

Casting: Magic Dart (safe; 4% risk of failure)
Confirm with . or Enter, or press ? or * to list all spells.
Aiming: Magic Dart (safe; 4% risk of failure)
Press: ? - help, Shift-Dir - straight line, f - frilled lizard
Aim: a frilled lizard (asleep)
The magic dart hits the frilled lizard.
You kill the frilled lizard!
* * * LOW HITPOINT WARNING * * *
You feel sick.
As you read the scroll labeled UNIRGH KODACIL, it crumbles to dust.
You feel blessed for a moment.
It was a scroll of remove curse.
As you read the scroll labeled RETZE QEERHUI, it crumbles to dust.
It is a scroll of amnesia.
Forget Magic Dart, freeing 1 spell level for a total of 12?
Really abort (and waste the scroll)?
Okay, then.
As you read the scroll labeled DIFEENE BETT, it crumbles to dust.
It is a scroll of identify.
e - a +0 kite shield You die...

##.##########†# .
..>......@....#
..##.####.####..#
.....###.# #
..[.....#
######.##..#
.........:.#
#.#########.#.##
#.....)<....#.#
#############.#


There were no monsters in sight!

Vanquished Creatures
  An adder (D:2)
  2 ball pythons (D:1)
  A giant cockroach (D:1)
  4 goblins (D:1)
  4 hobgoblins
  3 kobolds (D:1)
  2 bats (D:1)
  3 frilled lizards
  2 rats (D:1)
22 creatures vanquished.

Notes
Turn   | Place    | Note
-------+----------+-------------------------------------------
     0 | D:1      | pokeman the Deep Elf Wizard began the quest for the Orb.
     0 | D:1      | Reached XP level 1. HP: 10/10 MP: 7/7
   478 | D:1      | Reached XP level 2. HP: 16/16 MP: 6/9
  1384 | D:2      | Reached skill level 5 in Spellcasting
  1438 | D:2      | Reached XP level 3. HP: 6/20 MP: 2/11
  1449 | D:2      | HP: 1/20 [poisoned by an adder]
  1452 | D:2      | Succumbed to an adder's poison

Illustrated notes

Levels and vault maps discovered:
D:1:      co_arrival_random_square_maze, layout_basic, minivault_24,
          minmay_door_square
D:2:      layout_basic, first_ration, minmay_misc_feat_roman,
          minmay_split_cup_large, uniq_natasha, uniq_crazy_yiuf_cottage

Skill      XL: |  1  2 |
---------------+-------+-----
Spellcasting   | 5 |  5.1
Fighting       | |  0.7
Armour         | |  0.8
Dodging        | |  2.4
Stealth        | |  2.4
Conjurations   | |  1.7
Summonings     | |  1.1
Translocations | |  1.1

Action                   || total
-------------------------++-------
 Cast: Magic Dart        ||    56
  Use: Scroll            ||     3
       Potion            ||     2
  Eat: Chunk             ||     1
Dodge: Dodged            ||     8
